 Dungeon Crawl Stone Soup version 0.31.0-1-g2c135a0 (webtiles) character file.

Game seed: 12400926195334696667

21 GilimanWane the Conjurer (level 2, -3/20 HPs)
             Began as a Draconian Conjurer on Mar 3, 2024.
             Slain by Terence
             ... wielding a +0 hand axe
              (9 damage)
             ... on level 1 of the Dungeon.
             The game lasted 00:04:02 (1119 turns).

GilimanWane the Conjurer (Draconian Conjurer)       Turns: 1119, Time: 00:04:03

Health: -3/20      AC:  4    Str:  9    XL:     2   Next: 62%
Magic:  4/5        EV: 12    Int: 18    God:
Gold:   78         SH:  0    Dex:  9    Spells: 4/5 levels left

rFire   . . .        k - +0 dagger (vamp)
rCold   . . .        h - orb {light}
rNeg    . . .        (body armour unavailable)
rPois   .            (helmet restricted)
rElec   .            (no cloak)
rCorr   .            (no gloves)
SInv    .            (no boots)
Will    .....        (no amulet)
Stlth   +            (no ring)
HPRegen 0.23/turn    (no ring)
MPRegen 0.09/turn

%: no passive effects
@: glowing
A: AC +4, unfitting armour, cold-blooded
a: no special abilities


You were on level 1 of the Dungeon.
You visited 1 branch of the dungeon, and saw 2 of its levels.

You collected 78 gold pieces.

Inventory:

Hand Weapons
 k - a +0 vampiric dagger (weapon)
Armour
 h - an orb of light (worn)
Potions
 a - a potion of magic
 b - a potion of curing
 c - 2 potions of haste {unknown}
 d - a potion of mutation {unknown}
 f - a potion of heal wounds {unknown}
 g - 2 potions of degeneration {unknown}
 i - a potion of might {unknown}
 j - a potion of cancellation {unknown}


   Skills:
 + Level 2.1 Dodging
 + Level 2.1 Stealth
 + Level 2.2 Spellcasting
 + Level 4.2 Conjurations


You had 4 spell levels left.
You knew the following spells:

 Your Spells              Type           Power      Damage    Failure   Level
a - Magic Dart            Conj           68%        1d6       3%          1

Your spell library contained the following spells:

 Spells                   Type           Power      Damage    Failure   Level
 Searing Ray              Conj           34%        2d5       4%          2
 Lesser Beckoning         Tloc           4%         N/A       26%         2
 Gell's Gravitas          Tloc           2%         N/A       47%         3
 Teleport Other           Tloc           2%         N/A       47%         3
 Fulminant Prism          Conj/Alch      4%         3d5       58%         4
 Iskenderun's Mystic Bla  Conj/Tloc      9%         2d4       58%         4


Dungeon Overview and Level Annotations

Branches:
Dungeon (2/15)

Altars:

Annotations:
D:1 Terence


Innate Abilities, Weirdness & Mutations

Your plain brown scales are hard. (AC +4)
You cannot fit into any form of body armour.
You are cold-blooded and may be slowed by cold attacks.


Message History

Terence is moderately wounded.
Terence attacks as he pursues you! Terence closely misses you.
Terence attacks as he pursues you! Terence closely misses you.
Terence attacks as he pursues you! Terence hits you with a +0 hand axe.
Terence attacks as he pursues you! Terence barely misses you.
Terence attacks as he pursues you! Terence barely misses you.
Terence shouts, "Get ready for death!"
The kobold throws a stone.
The stone hits you but does no damage. Terence attacks as he pursues you!
Terence hits you with a +0 hand axe. Terence looks scornfully at you.
Terence attacks as he pursues you! Terence closely misses you.
Terence attacks as he pursues you! Terence hits you with a +0 hand axe!
Terence attacks as he pursues you! Terence misses you.
Terence shouts, "Now you die!" Terence attacks as he pursues you!
Terence hits you with a +0 hand axe. Terence shouts, "Now you die!"
Terence attacks as he pursues you! Terence barely misses you.
Terence attacks as he pursues you! Terence hits you with a +0 hand axe!
* * * LOW HITPOINT WARNING * * *
Terence screams, "I want your blood!" Terence attacks as he pursues you!
Terence barely misses you.
Unknown command.
Terence attacks as he pursues you! Terence hits you with a +0 hand axe.
* * * LOW HITPOINT WARNING * * *
Terence attacks as he pursues you! Terence misses you.
Terence attacks as he pursues you! Terence closely misses you.
You are too injured to fight recklessly!
Casting: Magic Dart (safe; 3% risk of failure)
Confirm with . or Enter, or press ? or * to list all spells.
Aiming: Magic Dart (safe; 3% risk of failure)
Press: ? - help, Shift-Dir - straight line, f/p - Terence
Aim: Terence, wielding a +0 hand axe and wearing a +0 scale mail of fire resistance (lightly wounded, haloed, 100% to hit)
The magic dart hits Terence but does no damage.
Terence is lightly wounded.
The kobold throws a stone.
The stone misses you.
Unknown command.
Terence barely misses you. Terence attacks as he pursues you!
Terence hits you with a +0 hand axe!
You die...
Terence says, "Rest in peace."

.##.# #.#.....# #.##...........
.##.#####...##.####.##..##.....#.
..>........###...................
....#######(.......###...........
..### #..####K#.# #.###....#..
..# #.## #.#.###.###....... ..#
####.#####.............##).
..#####.........@................
................@..##............
.#####.......##....##....##....).
.............##.(........##......
........##.......................
.###....##...................##..
.# #.........................##..
.# #.............................
.###..##...........>.............
.#....##...........<..........##.


You could see Terence and a kobold.

Vanquished Creatures
  3 endoplasms (D:1)
  3 goblins (D:1)
  3 hobgoblins (D:1)
  2 jackals (D:1)
  A kobold (D:1)
  5 frilled lizards (D:1)
  2 rats (D:1)
19 creatures vanquished.

Notes
Turn   | Place    | Note
-------+----------+-------------------------------------------
     0 | D:1      | GilimanWane the Draconian Conjurer began the quest for the
                  | Orb.
     0 | D:1      | Reached XP level 1. HP: 14/14 MP: 3/3
   278 | D:1      | Reached XP level 2. HP: 20/20 MP: 1/5
   960 | D:2      | Noticed Terence
  1119 | D:1      | Slain by Terence

Illustrated notes

Levels and vault maps discovered:
D:1:      dpeg_arrival_stonehenge_12_columns, layout_loops_ring
D:2:      layout_rooms, basic_altar, grunt_ministairs_12, st_stairs_4,
          minmay_unequal, uniq_terence

Skill      XL: |  1 |
---------------+----+-----
Stealth        | 2 |  2.1
Dodging        | 2 |  2.1
Spellcasting   | |  2.2
Conjurations   | |  4.2

Action                     || total
---------------------------++-------
  Melee: Hand axe          ||     5
         Tailslap          ||     2
         Dagger            ||     4
   Cast: Magic Dart        ||    40
    Use: Scroll            ||     2
 Armour: Skin              ||    19
  Dodge: Dodged            ||    30
